 Dungeon Crawl Stone Soup version 0.22.0-6-g71bd7aa (webtiles) character file.

56 harcile the Firebug (level 3, 0/27 HPs)
             Began as a Hill Orc Fire Elementalist on Aug 15, 2018.
             Slain by a giant cockroach (2 damage)
             ... on level 3 of the Dungeon.
             The game lasted 00:04:21 (1571 turns).

harcile the Firebug (Hill Orc Fire Elementalist)    Turns: 1571, Time: 00:04:22

Health: 0/27       AC:  0    Str:  8 (11) XL:     3   Next: 97%
Magic:  0/5        EV: 12    Int: 14 (15) God:
Gold:   48         SH:  0    Dex:  8 (11) Spells: 4/5 levels left

rFire    . . .     SeeInvis .   g - +0 hand axe
rCold    . . .     Gourm    .   (no shield)
rNeg     . . .     Faith    .   (no armour)
rPois    .         Spirit   +   (no helmet)
rElec    .         Reflect  .   (no cloak)
rCorr    +         Harm     .   (no gloves)
MR       .....                  (no boots)
Stlth    ++........             n - amulet of guardian spirit
HPRegen  0.09/turn              d - ring of resist corrosion
MPRegen  0.09/turn              (no ring)

@: lethally poisoned (0 -> -4)
A: no striking features
a: no special abilities


You were on level 3 of the Dungeon.
You were not hungry.

You visited 1 branch of the dungeon, and saw 3 of its levels.

You collected 48 gold pieces.

Inventory:

Hand Weapons
 g - a +0 hand axe (weapon)
Armour
 a - a +0 robe
 e - a -1 leather armour
Jewellery
 d - a ring of resist corrosion (left hand)
 n - an amulet of guardian spirit (around neck)
Wands
 m - a wand of flame (37)
Scrolls
 b - 2 scrolls of teleportation
 h - a scroll of remove curse
 j - a scroll of blinking {unknown}
 k - a scroll of amnesia {unknown}
Potions
 l - a potion of degeneration
Comestibles
 c - 4 rations


   Skills:
 + Level 0.4 Fighting
 + Level 0.1 Axes
 + Level 1.4 Armour
 + Level 2.0 Dodging
 + Level 1.8 Stealth
 + Level 1.8 Spellcasting
 + Level 1.8 Conjurations
 + Level 3.6 Fire Magic


You had 4 spell levels left.
You knew the following spells:

 Your Spells              Type           Power        Failure   Level  Hunger
z - Flame Tongue          Conj/Fire      #....        8%          1    ##.....

Your spell library contained the following spells:

 Spells                   Type           Power        Failure   Level  Hunger
 Fireball                 Conj/Fire      #.........   91%         5    ######.
 Conjure Flame            Conj/Fire      #.......     24%         3    ####...
 Throw Flame              Conj/Fire      #.....       12%         2    ###....
 Sticky Flame             Conj/Fire      #.......     61%         4    #####..
 Inner Flame              Hex/Fire       #.......     34%         3    ####...


Dungeon Overview and Level Annotations

Branches:
Dungeon (3/15)

Altars:


Message History

The adder closely misses you.
You hit the adder.
The adder is heavily wounded.
You hit the giant cockroach but do no damage.
The giant cockroach closely misses you. The adder closely misses you.
The giant cockroach closely misses you. The adder bites you.
* * * LOW HITPOINT WARNING * * *
You are lethally poisoned!
The adder poisons you!
You slash the adder!
You kill the adder!
You closely miss the giant cockroach.
* * * LOW HITPOINT WARNING * * *
You feel sick. The giant cockroach barely misses you.
The giant cockroach bites you.
* * * LOW HITPOINT WARNING * * *
You barely miss the giant cockroach.
* * * LOW HITPOINT WARNING * * *
You feel sick. The giant cockroach bites you.
You die...

## # # ##. .#
..#...
###.##.
......
.......
......##.†..#
#..@)# #..s##
#..#..#
....##....#
..#.. #.##.#
.... #.# .#
... ... . #..
... # ...


You could see a giant cockroach.

Vanquished Creatures
  2 adders
  A dart slug (D:1)
  An orc (D:3)
  A ball python (D:1)
  5 bats
  3 giant cockroaches
  A goblin (D:1)
  5 hobgoblins
  2 jackals (D:1)
  A quokka (D:2)
  3 frilled lizards
  4 kobolds
  3 rats (D:1)
32 creatures vanquished.

Notes
Turn   | Place    | Note
-------+----------+-------------------------------------------
     0 | D:1      | harcile the Hill Orc Fire Elementalist began the quest for the Orb.
     0 | D:1      | Reached XP level 1. HP: 14/14 MP: 3/3
   200 | D:1      | Reached XP level 2. HP: 20/20 MP: 1/4
   843 | D:2      | Reached skill level 1 in Armour
   843 | D:2      | Reached XP level 3. HP: 26/26 MP: 0/5
  1571 | D:3      | Slain by a giant cockroach

Skill      XL: |  1  2  3 |
---------------+----------+-----
Armour         | 1 |  1.4
Dodging        | 2 |  2.0
Fighting       | |  0.4
Axes           | |  0.1
Stealth        | |  1.8
Spellcasting   | |  1.8
Conjurations   | |  1.8
Fire Magic     | |  3.6

Action                   || total
-------------------------++-------
Melee: Unarmed           ||    32
       Hand axe          ||    10
 Cast: Flame Tongue      ||    51
  Use: Scroll            ||     4
       Potion            ||     2
  Eat: Chunk             ||     3
Armor: Leather armour    ||    27
Dodge: Dodged            ||    84
